 Dungeon Crawl Stone Soup version 0.30.1-9-gdf580d7c3d (webtiles) character file.

Game seed: 3842157507139627983

65 lonewolfV2 the Scratcher (level 3, -1/15 HPs)
             Began as a Felid Transmuter on Oct 12, 2023.
             Slain by Ijyb
             ... wielding a +0 dagger of freezing
              (5 damage)
             ... on level 3 of the Dungeon.
             The game lasted 00:04:11 (2741 turns).

lonewolfV2 the Scratcher (Felid Transmuter)         Turns: 2741, Time: 00:04:12

Health: -1/15      AC:  1    Str:  6    XL:     3   Next: 94%
Magic:  5/7        EV: 17    Int: 16    God:
Gold:   51         SH:  0    Dex: 16    Spells: 3/6 levels left
                                        Lives:  0   Deaths: 0

rFire   . .          .
                       - Unarmed
rCold   . . .        (shield unavailable)
rNeg    . . .        (body armour unavailable)
rPois   .            (helmet unavailable)
rElec   .            (cloak unavailable)
rCorr   .            (gloves unavailable)
SInv    +            (boots unavailable)
Will    .....        (no amulet)
Stlth   +            (no ring)
HPRegen 0.22/turn    (no ring)
MPRegen 0.10/turn

%: no passive effects
@: appendages, wereblooded (expiring), quick
A: horns 2, very small, claws 1, fangs 3, see invisible, speed 1, shaggy fur 1,
stealthy paws, no weapons or thrown items, no armour, multi-lived
a: End Transformation


You were on level 3 of the Dungeon.
You had temporarily grown beastly horns.
You visited 1 branch of the dungeon, and saw 3 of its levels.

You collected 51 gold pieces.

Inventory:

Scrolls
 c - 2 scrolls of identify
 d - a scroll of teleportation
Potions
 a - a potion of lignification
 e - a potion of cancellation


   Skills:
 + Level 1.1 Fighting
 + Level 3.1 Dodging
 + Level 3.8 Unarmed Combat
 + Level 2.4 Spellcasting
 + Level 3.1 Transmutations


You had 3 spell levels left.
You knew the following spells:

 Your Spells              Type           Power      Damage    Failure   Level
a - Beastly Appendage     Tmut           24%        N/A       5%          1
b - Wereblood             Tmut           12%        N/A       9%          2

Your spell library contained the following spells:

 Spells                   Type           Power      Damage    Failure   Level
 Spider Form              Tmut/Pois      6%         N/A       30%         3
 Ice Form                 Ice/Tmut       6%         N/A       71%         4


Dungeon Overview and Level Annotations

Branches:
Dungeon (3/15)

Altars:

Shops:
D:1 [

Annotations:
D:3 Ijyb


Innate Abilities, Weirdness & Mutations

You have temporarily grown beastly horns.
You have sharp claws.
You have razor-sharp teeth.
You have supernaturally acute eyesight. (SInv)
You cover ground quickly. (Speed+)
You are covered in fur. (AC +1)
Your paws help you pounce on unaware monsters.
You are incapable of wielding weapons or throwing items.
You cannot wear armour.
You gain extra lives every three experience levels.


Message History

Done waiting.
Casting: Beastly Appendage (safe; 5% risk of failure)
Confirm with . or Enter, or press ? or * to list all spells.
Your blood is infused with primal strength.
Casting: Wereblood (safe; 9% risk of failure)
Confirm with . or Enter, or press ? or * to list all spells.
You grow a pair of large bovine horns.
You climb downwards.
Level annotation: Ijyb
There is a stone staircase leading up here.
Ijyb zaps a wand.
You resist with some effort.
There is a stone staircase leading up here.
Your transformation is almost over.
There is a stone staircase leading up here.
There is a stone staircase leading up here.
Casting: Beastly Appendage (safe; 5% risk of failure)
Confirm with . or Enter, or press ? or * to list all spells.
You extend your transformation's duration.
You closely miss Ijyb. You headbutt Ijyb.
Ijyb is lightly wounded.
Your primal bloodlust is almost over.
Ijyb hits you with a +0 dagger of freezing.
Ijyb freezes you.
You scratch Ijyb. You headbutt Ijyb, but do no damage.
Ijyb is moderately wounded.
Ijyb hits you with a +0 dagger of freezing.
Ijyb freezes you.
* * * LOW HITPOINT WARNING * * *
You scratch Ijyb.
Ijyb is heavily wounded.
Ijyb barely misses you.
You barely miss Ijyb.
Ijyb is heavily wounded.
Ijyb misses you.
You scratch Ijyb.
Ijyb is heavily wounded.
You scratch Ijyb but do no damage. Your headbutt misses Ijyb.
Ijyb is heavily wounded.
Ijyb hits you with a +0 dagger of freezing.
You die...

############
#........?.#
#..........#
#..........#
#......<...#
#......@†..##
#......g....##
#.###........##
.. #..........#
# #..........#
#..........#
#..........#
#..........#
......>....##


You could see Ijyb.

Vanquished Creatures
  An adder (D:2)
  A worm (D:2)
  2 dart slugs
  5 ball pythons
  4 endoplasms
  A giant cockroach (D:1)
  3 goblins
  7 hobgoblins
  4 jackals
  A kobold (D:2)
  2 quokkas (D:1)
  5 bats
  4 frilled lizards
  7 rats
47 creatures vanquished.

Notes
Turn   | Place    | Note
-------+----------+-------------------------------------------
     0 | D:1      | lonewolfV2 the Felid Transmuter began the quest for the
                  | Orb.
     0 | D:1      | Reached XP level 1. HP: 9/9 MP: 4/4
   200 | D:1      | Reached XP level 2. HP: 7/12 MP: 4/6
   388 | D:1      | Found Rololuff's Armour Shoppe.
  1444 | D:2      | Reached XP level 3. HP: 12/15 MP: 5/7
  1544 | D:2      | Learned a level 2 spell: Wereblood
  2369 | D:3      | Noticed Ijyb
  2375 | D:3      | Paralysed by Ijyb for 2 turns
  2566 | D:3      | Paralysed by Ijyb for 5 turns
  2741 | D:3      | Slain by Ijyb

Illustrated notes

Levels and vault maps discovered:
D:1:      eino_arrival_cavern_d, layout_basic, serial_shops, shop,
          kennysheep_flooded_box
D:2:      layout_loops_ring
D:3:      cheibrodos_helix_gallery, layout_rooms, mainiacjoe_overflow_alcove_4,
          zin_statuary, uniq_ijyb

Skill      XL: |  1  2  3 |
---------------+----------+-----
Dodging        | 3 |  3.1
Transmutations | 3 |  3.1
Fighting       | |  1.1
Unarmed Combat | |  3.8
Spellcasting   | |  2.4

Action                     || total
---------------------------++-------
  Melee: Unarmed           ||   126
         Headbutt          ||    15
         Bite              ||    12
         Punch             ||     1
   Cast: Beastly Appendage ||    32
         Wereblood         ||    11
    Use: Scroll            ||     5
   Stab: Sleeping          ||     1
 Armour: Skin              ||     8
  Dodge: Dodged            ||    83
